AoeStats
← _Orca_

Black Forest

507455371Analyzed
4v4 RM · 13d ago on Sep 18, 2026· 22m 16s· 8 players
Game mode
Random Map
Map size
Large (8 player)
Population
200
Speed
Normal
Resources
Standard
Victory
Conquest
Starting age
Dark Age
Ending age
Imperial Age
RankedLock teamsTeams togetherTeam positionsShared explorationLock speedFull tech treeHidden civsTurbo modeCheats
Victory
Defeat
🇻🇳 Franks · Vietnam
1355
+19
🇹🇼 Koreans · Taiwan
1344
+20
🇨🇳 Franks · China
1320
+21
🇻🇳 Shu · Vietnam
1312
+21
🇺🇸 Turks · United States
1503
-23
🇲🇩 Malay · Moldova
1436
-21
🇭🇺 Franks · Hungary
1389
-19
🇧🇩 Saracens · Bangladesh
1363
-18
solo rankeding
11:53 Feudal Age
11:30 Double-Bit Axe
11:31 Fishing Lines
19:28 Castle Age
19:00 Gillnets
20:05 Wheelbarrow
C.A | Sagittis Hungarorum
12:02 Feudal Age
12:47 Double-Bit Axe
15:37 Castle Age
13:56 Fishing Lines
17:06 Bow Saw
_Orca_
1:12 Loom
12:20 Feudal Age
15:33 Fletching
16:47 Double-Bit Axe
PaRappa56
0:36 Loom
11:30 Feudal Age
13:59 Town Watch
17:54 Castle Age
15:52 Fletching
17:05 Stone Mining
17:04 Double-Bit Axe
17:01 Horse Collar
Phu Thuy
1:27 Loom
14:49 Feudal Age
15:15 Double-Bit Axe
16:36 Wheelbarrow
15:55 Gold Mining
17:03 Fletching
17:35 Padded Archer Armor
thetoastaoe
4:34 Loom
11:58 Feudal Age
14:17 Double-Bit Axe
16:35 Castle Age
14:20 Fishing Lines
17:36 Bow Saw
17:19 Gillnets
danganharmy
6:53 Loom
11:22 Feudal Age
15:45 Castle Age
13:42 Double-Bit Axe
16:17 Gold Mining
老头
6:36 Loom
9:36 Feudal Age
9:48 Man-at-Arms
11:56 Double-Bit Axe
13:01 Town Watch
14:42 Fletching
17:45 Scale Mail Armor
18:47 Forging
22:15 Castle Age
Connection lost

Rejoining the realm…

Still unreachable

The connection could not be restored.

Session expired

The server has moved on; the page needs a fresh start.